 Dungeon Crawl Stone Soup version 0.31-a0-240-gb923e448b6 (webtiles) character file.

Game seed: 2978612500034402385

142 qw the Shooter (level 5, 0/30 HPs)
             Began as a Gargoyle Hexslinger on July 11, 2023.
             Slain by a gnoll
             ... wielding a +0 club
              (6 damage)
             ... on level 3 of the Dungeon.
             The game lasted 00:00:41 (2522 turns).

qw the Shooter (Gargoyle Hexslinger)                Turns: 2522, Time: 00:00:42

Health: 0/30       AC: 10    Str: 18    XL:     5   Next: 24%
Magic:  6/6        EV: 11    Int: 13    God:
Gold:   117        SH:  0    Dex: 14    Spells: 5/6 levels left

rFire   . . .        Y - +2 hand crossbow (flame)
rCold   . . .        (no shield)
rNeg    + . .        a - +0 ring mail {rPois}
rPois   inf          (no helmet)
rElec   +            (no cloak)
rCorr   .            (no gloves)
SInv    +            k - +0 pair of boots
Will    .....        (no amulet)
Stlth   +            d - +6 ring of strength
HPRegen 0.25/turn    f - ring of see invisible
MPRegen 0.10/turn

%: no passive effects
@: no status effects
A: sickness immunity, AC +4, negative energy resistance 1, electricity
resistance, torment resistance 1, petrification resistance
a: no special abilities


You were on level 3 of the Dungeon.
You visited 1 branch of the dungeon, and saw 4 of its levels.

You collected 117 gold pieces.


Innate Abilities, Weirdness & Mutations

You are immune to sickness and miasma.
Your stone body is resilient. (AC +4)
You are immune to poison.
You resist negative energy. (rN+)
You are resistant to electric shocks. (rElec)
You are resistant to unholy torment.
You are immune to petrification.


   Skills:
 - Level 2.1 Fighting
 - Level 4.8 Ranged Weapons
 + Level 0.8 Armour
 - Level 1.5 Dodging
 - Level 1.0 Spellcasting
 - Level 2.6 Hexes


You had 5 spell levels left.
You knew the following spells:

 Your Spells              Type           Power      Damage    Failure   Level
a - Slow                  Hex            28%        N/A       17%         1

Your spell library contained the following spells:

 Spells                   Type           Power      Damage    Failure   Level
 Inner Flame              Hex/Fire       4%         N/A       65%         3
 Portal Projectile        Hex/Tloc       8%         N/A       65%         3
 Cause Fear               Hex            3%         N/A       86%         4

Inventory:

Hand Weapons
 Y - a +2 hand crossbow of flaming (weapon)
Armour
 a - a +0 ring mail of poison resistance (worn)
 k - a +0 pair of boots (worn)
Jewellery
 d - a +6 ring of strength (left hand)
 f - a ring of see invisible (right hand)
Potions
 b - a potion of mutation {unknown}
 g - a potion of ambrosia {unknown}
 h - a potion of heal wounds {unknown}
 i - a potion of curing
 j - a potion of enlightenment {unknown}
 n - a potion of berserk rage {unknown}
 o - a potion of brilliance {unknown}

Dungeon Overview and Level Annotations

Branches:
Dungeon (4/15)
 Temple: D:4-7

Altars:
Cheibriados

Portals:
Abyss: D:3

Annotations:
D:3 2 transporters, qw's ghost, amateur MiHs


Message History

The bolt closely misses the ball python.
The bolt closely misses the gnoll.
The ball python bites you but does no damage.
The ball python constricts you. The gnoll barely misses you.
The ball python bites you but does no damage.
The ball python constricts you. The gnoll closely misses you.
The gnoll hits you with a +0 flail.
You shoot a bolt.
The bolt closely misses the ball python.
The ball python bites you but does no damage.
The ball python constricts you. The gnoll hits you with a +0 club.
The gnoll barely misses you.
The ball python bites you but does no damage.
The ball python constricts you. The gnoll barely misses you.
The gnoll closely misses you.
You shoot a bolt. The bolt hits the ball python!
The bolt burns the ball python.
You kill the ball python!
The gnoll barely misses you. The gnoll hits you with a +0 flail.
The gnoll hits you with a +0 club! The gnoll hits you with a +0 flail.
2519 ||| STAIRDANCE The gnoll hits you with a +0 club.
The gnoll hits you but does no damage.
You climb upwards.
Level annotation: 2 transporters, qw's ghost, amateur MiHs
There is a stone staircase leading down here.
Enter note:
Enter note:
Enter note:
Enter note:
Enter note:
Enter note:
Enter note:
Enter note:
Enter note: You shoot a bolt.
The bolt hits the gnoll but does no damage.
The gnoll is heavily wounded.
The gnoll hits you with a +0 flail. The gnoll hits you but does no damage.
You shoot a bolt. The bolt barely misses the gnoll.
The gnoll hits you with a +0 flail. The gnoll hits you with a +0 club.
You die...

##..# #.# #.......# #.#
....# #.# #..####.###.#
##.## #.##
#...........## ##.#
#..######..#####.#.#.###
...# #..........#
#.###.#... ...#
##.##......# ##.#.#.###
...########.#.......#
##.#.##
..........#.#..g....#
###.#
...######.#.#.#.@...#
#.# ...# #......g....#
####.# ...#
###.#.##.#..# #....#
...########.#.##.#..##
#.####
..........#..........#
#.#
..#######........#.#.#
#.#### ..#
######.###.#.# #....#
^.# #.# #.#.# ####.# ..#
#.# #.#.#######.####


You could see 2 gnolls.

Vanquished Creatures
  5 gnolls
  3 adders
  4 dart slugs
  2 worms (D:3)
  3 bats
  4 endoplasms
  A giant cockroach (D:2)
  8 goblins
  3 hobgoblins
  3 kobolds
  2 quokkas
  11 ball pythons
  3 frilled lizards
  3 rats
55 creatures vanquished.

Notes
Turn   | Place    | Note
-------+----------+-------------------------------------------
     0 | D:1      | qw the Gargoyle Hexslinger began the quest for the Orb.
     0 | D:1      | Reached XP level 1. HP: 12/12 MP: 2/2
     0 | D:1      | 0 ||| qw: Version: 0.3-a-52-g30416fa
     0 | D:1      | 0 ||| qw: Game counter: 6062
     0 | D:1      | 0 ||| qw: Melee chars always use a shield: true
     0 | D:1      | 0 ||| qw: God list: Okawaru
     0 | D:1      | 0 ||| qw: Allow faded altars: false
     0 | D:1      | 0 ||| qw: Do Orc after clearing Dungeon:15 true
     0 | D:1      | 0 ||| qw: Do second Lair branch before Depths: true
     0 | D:1      | 0 ||| qw: Lair rune preference: random
     0 | D:1      | 0 ||| qw: Goals: Normal
     0 | D:1      | 0 ||| PLANNING D:1-11
   124 | D:1      | Reached XP level 2. HP: 12/16 MP: 3/3
   386 | D:1      | Reached skill level 3 in Ranged Weapons
   803 | D:1      | 803 ||| UPGRADING to +6 ring of strength.
   804 | D:1      | 804 ||| UPGRADING to ring of see invisible.
   805 | D:1      | 805 ||| READING scroll labelled QAZEHAPT VUPH.
   808 | D:1      | 808 ||| READING scroll labelled MACEGU TEWE.
   809 | D:1      | 809 ||| READING scroll labelled LETONA FOLU.
   809 | D:1      | Identified a scroll of acquirement
   809 | D:1      | 809 ||| ACQUIRING +2 hand crossbow of flaming
   809 | D:1      | Acquired a +2 hand crossbow of flaming
   811 | D:1      | 811 ||| SWAPPING to +2 hand crossbow of flaming.
   812 | D:1      | 812 ||| DROPPING +1 sling.
   813 | D:1      | 813 ||| DRINKING 2 sedimented purple potions.
   814 | D:1      | 814 ||| DROPPING scroll of poison.
   849 | D:2      | 849 ||| STAIRDANCE
   852 | D:1      | Reached XP level 3. HP: 18/21 MP: 4/4
   896 | D:2      | 896 ||| Stepping ~*~*~tactically~*~*~ (outnumbered).
   904 | D:2      | Reached XP level 4. HP: 26/26 MP: 5/5
   936 | D:2      | Reached skill level 4 in Ranged Weapons
  1633 | D:2      | 1633 ||| READING scroll labelled ECAGECL HIOCUO.
  1634 | D:2      | 1634 ||| READING scroll labelled FATZIWK MUFIUJ.
  1789 | D:3      | Found a transporter.
  1800 | D:3      | Found a one-way gate to the infinite horrors of the Abyss.
  1800 | D:3      | Noticed qw's ghost (amateur MiHs)
  1805 | D:3      | Identified the +0 leather armour of Parts Unknown {Int+3}
  1812 | D:3      | Noticed a small abomination
  1819 | D:3      | Noticed a small abomination
  1836 | D:3      | Noticed a small abomination
  1840 | D:3      | Noticed a small abomination
  1841 | D:3      | Noticed a kobold brigand
  1845 | D:3      | Noticed an ancient zyme
  1863 | D:3      | Found a transporter.
  1981 | D:3      | Reached XP level 5. HP: 30/30 MP: 6/6
  2454 | D:3      | 2454 ||| UPGRADING to +0 ring mail of poison resistance.
  2464 | D:3      | 2464 ||| DROPPING +0 robe.
  2465 | D:3      | 2465 ||| UPGRADING to +0 pair of boots.
  2470 | D:3      | 2470 ||| DROPPING +0 leather armour of Parts Unknown
                  | {Int+3}.
  2471 | D:3      | 2471 ||| READING scroll labelled CIPRIEK UTEO.
  2472 | D:3      | 2472 ||| READING scroll labelled YNKONGUA ZIWNOTSI.
  2510 | D:4      | Found a snail-covered altar of Cheibriados.
  2519 | D:4      | 2519 ||| STAIRDANCE
  2521 | D:3      | HP: 7/30 [gnoll/+0 flail (5)]
  2522 | D:3      | Slain by a gnoll

Levels and vault maps discovered:
D:1:      ldierk_walled_garden_2, layout_loops_ring
D:2:      layout_basic
D:3:      layout_loops_ring, gammafunk_ghost_abyssal_escape
D:4:      layout_basic, mainiacjoe_overflow_tiny_flanked

Skill      XL: |  1  2  3  4 |
---------------+-------------+-----
Ranged Weapons | 3 4 |  4.8
Fighting       | 2 |  2.1
Armour         | |  0.8
Dodging        | |  1.5
Spellcasting   | |  1.0
Hexes          | |  2.6

Action                     |  1- 3 |  4- 6 || total
---------------------------+-------+-------++-------
   Fire: Sling             |    49 |       ||    49
         Hand crossbow     |    14 |    67 ||    81
    Use: Scroll            |     3 |     4 ||     7
         Potion            |     1 |       ||     1
 Armour: Robe              |    10 |     9 ||    19
         Ring mail         |       |     9 ||     9
  Dodge: Dodged            |    15 |    25 ||    40

Table legend:
 A = Non-vault XP
 B = Vault XP
 C = Vault XP percentage of total XP
 D = Non-vault monster count
 E = Vault monster count
 F = Vault count percentage of total count
                 A         B        C        D         E       F
            +---------+---------+-------+---------+---------+-------
      Total |     203 |       0 |   0.0 |      55 |       0 |   0.0
            +---------+---------+-------+---------+---------+-------
        D:1 |      39 |       0 |   0.0 |      15 |       0 |   0.0
        D:2 |     100 |       0 |   0.0 |      20 |       0 |   0.0
        D:3 |      46 |       0 |   0.0 |      17 |       0 |   0.0
        D:4 |      18 |       0 |   0.0 |       3 |       0 |   0.0
            +---------+---------+-------+---------+---------+-------
